Crunch vs Bears
Created - January 15, 2022 at 21:39
Goals
|
| Crunch |
3 |
0 |
1 |
4 |
| Bears |
3 |
4 |
1 |
8 |
|
Shots
|
| Crunch |
13 |
11 |
8 |
32 |
| Bears |
19 |
14 |
4 |
37 |
|
1st period
1. Bears , Jake Virtanen 11 (Mike Hoffman 14, Angelo Esposito 14) at 6:43
2. Crunch , William Nylander 14 (Brock Boeser 16, Anthony Cirelli 10) at 13:10 (PP)
3. Bears , Joey Laleggia 3 (Taylor Aronson 4, Joni Ortio) at 14:18
4. Crunch , Brock Boeser 11 (William Nylander 15) at 15:46
5. Bears , Jamie McGinn 2 (Zach Stepan 8) at 16:18
6. Crunch , Teemu Hartikainen 7 (Christoffer Ehn 4) at 19:16
Penalties :
Angelo Esposito (Her) for Elbowing (Minor) at 3:54, Nikolay Prokhorkin (Her) for High sticking (Minor) at 13:06
2nd period
7. Bears , Nikolay Prokhorkin 3 (Austin Wuthrich 5, Joey Laleggia 13) at 9:37
8. Bears , Jamie McGinn 3 (Zach Stepan 9, Tommy Vannelli 1) at 10:10
9. Bears , Brett Bulmer 1 (Derek Forbort 7, Zach Stepan 10) at 11:02
10. Bears , Mikko Vainonen 3 (Angelo Esposito 15, Taylor Aronson 5) at 14:53
Penalties :
Taylor Aronson (Her) for High sticking (Minor) at 12:21, Jamie McGinn (Her) for Roughing (Double Minor) at 18:00
3rd period
11. Bears , Zach Stepan 6 (Jamie McGinn 8) at 8:00
12. Crunch , Dalton Smith 3 (Kevin Fiala 6, Brendan Guhle 5) at 8:53
Penalties :
Austin Wuthrich (Her) for Roughing (Minor) at 4:56, Angelo Esposito (Her) for Fighting (Major) at 8:54, Brock Boeser (Syr) for Fighting (Major) at 8:54
Goalie Stats
Kaapo Kahkonen (Syr), 6 saves from 8 shots - (0.750), 28:58 minutes
Josef Korenar (Syr), 23 saves from 29 shots - (0.793), L, 0-1-1, 31:02 minutes
Joni Ortio (Her), 28 saves from 32 shots - (0.875), W, 2-2-0, 60:00 minutes
Players Stats for Crunch
Player Name G A P +/- PIM S H SB GA TA FO MP PP MP PK MP
------------------------------------------------------------------------------------
Anatoli Golyshev 0 0 0 -1 0 2 0 1 0 0 0/0 6:26 0:00 0:00
Anthony Cirelli 0 1 1 -2 0 0 2 0 0 1 21/41 23:44 5:44 0:00
Brendan Guhle 0 1 1 -2 0 0 3 2 0 1 0/0 28:52 6:13 0:00
Brock Boeser 1 1 2 -2 5 5 3 0 1 0 0/1 21:37 5:32 0:00
Charles-Olivier Roussel 0 0 0 -2 0 1 1 3 1 0 0/0 28:52 6:13 0:00
Christoffer Ehn 0 1 1 -2 0 2 0 0 0 0 7/16 19:06 4:16 0:00
Connor Bunnaman 0 0 0 -1 0 0 0 1 0 0 0/2 6:26 0:00 0:00
Dalton Smith 1 0 1 0 0 1 1 0 0 0 0/0 10:44 0:00 0:00
Dylan Strome 0 0 0 0 0 1 2 0 0 1 3/7 10:44 0:00 0:00
Jacob Larsson 0 0 0 -1 0 0 3 0 1 1 0/0 19:30 3:47 0:00
Kevin Fiala 0 1 1 0 0 2 0 0 0 0 0/1 11:27 0:12 0:00
Kyle Capobianco 0 0 0 -2 0 0 0 0 0 2 0/0 11:38 0:00 0:00
Max McCormick 0 0 0 -1 0 0 0 0 0 0 0/0 4:57 0:12 0:00
Michael Downing 0 0 0 -1 0 0 0 0 0 0 0/0 19:30 3:47 0:00
Mitch Callahan 0 0 0 -2 0 1 0 2 0 0 0/0 14:42 0:00 0:00
Nicolas Aube-Kubel 0 0 0 -2 0 7 2 1 0 0 1/1 19:06 4:16 0:00
Teemu Hartikainen 1 0 1 -2 0 6 2 0 1 0 0/0 19:06 4:16 0:00
William Nylander 1 1 2 -2 0 4 4 1 1 0 2/3 23:32 5:32 0:00
Players Stats for Bears
Player Name G A P +/- PIM S H SB GA TA FO MP PP MP PK MP
------------------------------------------------------------------------------------
Angelo Esposito 0 2 2 1 7 2 1 0 1 0 21/30 17:44 0:00 2:29
Austin Poganski 0 0 0 -1 0 0 3 0 0 0 2/4 10:49 0:00 0:00
Austin Wuthrich 0 1 1 -1 2 4 0 1 0 0 0/0 10:50 0:00 0:00
Brett Bulmer 1 0 1 4 0 2 0 0 0 1 0/2 13:45 0:00 0:00
Colby Cave 0 0 0 0 0 0 0 0 0 0 2/4 2:46 0:00 0:33
Colton Sceviour 0 0 0 1 0 1 0 0 0 0 0/0 7:56 0:00 0:00
Derek Forbort 0 1 1 0 0 1 2 0 0 1 0/0 19:39 0:00 4:07
Emil Johansson 0 0 0 0 0 0 0 0 0 0 0/0 0:54 0:00 0:54
Gianluca Curcuruto 0 0 0 0 0 0 0 0 0 0 0/0 0:23 0:00 0:17
Jake Virtanen 1 0 1 0 0 3 5 1 2 0 4/11 21:46 0:00 5:20
Jakob Lilja 0 0 0 2 0 0 1 0 0 0 0/0 9:45 0:00 1:16
Jamie McGinn 2 1 3 4 4 4 0 0 0 0 0/0 15:51 0:00 1:38
Jesper Pettersson 0 0 0 0 0 0 0 0 0 0 0/0 0:00 0:00 0:00
Joey Laleggia 1 1 2 4 0 1 2 1 1 0 0/0 29:30 0:00 5:53
Logan O'Connor 0 0 0 1 0 1 0 0 0 0 1/2 7:56 0:00 0:00
Michael Prapavessis 0 0 0 1 0 1 1 0 0 0 0/0 10:51 0:00 0:00
Mike Hoffman 0 1 1 0 0 5 2 1 1 0 2/3 22:01 0:00 5:33
Mikko Vainonen 1 0 1 1 0 4 1 2 0 1 0/0 22:35 0:00 4:01
Nikolay Prokhorkin 1 0 1 -1 2 3 1 0 0 1 0/1 10:48 0:00 0:00
Ryan Graves 0 0 0 0 0 0 0 0 0 0 0/0 0:00 0:00 0:00
Taylor Aronson 0 2 2 4 2 1 1 2 1 0 0/0 25:49 0:00 4:48
Tommy Vannelli 0 1 1 1 0 0 0 0 0 0 0/0 10:51 0:00 0:00
Zach Stepan 1 3 4 4 0 4 0 0 0 1 6/15 17:25 0:00 3:11
3 Stars
1 - Zach Stepan (Her)
2 - Joey Laleggia (Her)
3 - Jamie McGinn (Her)
Power Play
Crunch - 1 on 6 Attempt(s) - 16.67%
Bears - 0 on 0 Attempt(s) - 0.00%
Penalty Kill
Crunch - 0 on 0 Attempt(s) - 0.00%
- Score 0 goal in Penalty Kill
Bears - 5 on 6 Attempt(s) - 83.33%
- Score 0 goal in Penalty Kill
Team Stat
Crunch - Hits : 23 - Faceoff Wins : 34 - Blocked Shots : 11 - Penalty Minutes : 5
Bears - Hits : 20 - Faceoff Wins : 38 - Blocked Shots : 8 - Penalty Minutes : 17
Official
Referees : Kevin Pollock and Brian Pochmara
Linesman : Brad Kovachik and Scott Cherrey
Game Notes
Kaapo Kahkonen enters game at 11:02 of 2nd period
Angelo Esposito and Brock Boeser fight to a draw at 8:54 of 3rd period
Finance
Level 1 -- Attendance: 1676 (83.80%) -- Ticket Income $58,660
Level 2 -- Attendance: 969 (96.90%) -- Ticket Income $14,535
Total Attendance: 2645 (88.17%)
Total Ticket Income: $73,195
Other Income: $3,660
Total Income: $76,855
Crunch
5 vs 5 Forward
Center Left Wing Right Wing Time % Phy DF OF
1 Anthony Cirelli William Nylander Brock Boeser 40 1 2 2
2 Christoffer Ehn Teemu Hartikainen Nicolas Aube-Kubel 30 1 2 2
3 Dylan Strome Dalton Smith Kevin Fiala 20 1 2 2
4 Connor Bunnaman Anatoli Golyshev Mitch Callahan 10 1 2 2
5 vs 5 Defense
Defense Defense Time % Phy DF OF
1 Brendan Guhle Charles-Olivier Roussel 40 1 2 2
2 Jacob Larsson Michael Downing 30 1 2 2
3 Kyle Capobianco Mitch Callahan 20 1 2 2
4 Brendan Guhle Charles-Olivier Roussel 10 1 2 2
PowerPlay Forward
Center Left Wing Right Wing Time % Phy DF OF
1 Anthony Cirelli William Nylander Brock Boeser 60 1 2 2
2 Christoffer Ehn Teemu Hartikainen Nicolas Aube-Kubel 40 1 2 2
PowerPlay Defense
Defense Defense Time % Phy DF OF
1 Brendan Guhle Charles-Olivier Roussel 60 1 2 2
2 Jacob Larsson Michael Downing 40 1 2 2
Penalty Kill 4 Players Forward
Center Wing Time % Phy DF OF
1 William Nylander Teemu Hartikainen 60 1 2 2
2 Brock Boeser Nicolas Aube-Kubel 40 1 2 2
Penalty Kill 4 Players Defense
Defense Defense Time % Phy DF OF
1 Brendan Guhle Charles-Olivier Roussel 60 1 2 2
2 Jacob Larsson Michael Downing 40 1 2 2
Penalty Kill - 3 Players Forward
Forward Time % Phy DF OF
1 William Nylander 60 1 2 2
2 Teemu Hartikainen 40 1 2 2
Penalty Kill - 3 Players Defense
Defense Defense Time % Phy DF OF
1 Brendan Guhle Charles-Olivier Roussel 60 1 2 2
2 Jacob Larsson Michael Downing 40 1 2 2
4 vs 4 Forward
Center Wing Time % Phy DF OF
1 William Nylander Teemu Hartikainen 60 1 2 2
2 Brock Boeser Nicolas Aube-Kubel 40 1 2 2
4 vs 4 Defense
Defense Defense Time % Phy DF OF
1 Brendan Guhle Charles-Olivier Roussel 60 1 2 2
2 Jacob Larsson Michael Downing 40 1 2 2
Last Minutes Offensive
Center Left Wing Right Wing Defense Defense
Anthony Cirelli William Nylander Brock Boeser Brendan Guhle Charles-Olivier Roussel
Last Minutes Defensive
Center Left Wing Right Wing Defense Defense
Anthony Cirelli William Nylander Brock Boeser Brendan Guhle Charles-Olivier Roussel
Goaltenders
Starting : Josef Korenar
Backup : Kaapo Kahkonen
Extra Forwards
Normal : Max McCormick, Kevin Fiala, Dalton Smith - PP : Max McCormick, Kevin Fiala - PK : Dalton Smith
Extra Defensemen
Normal : Kyle Capobianco, Jacob Larsson, Michael Downing - PP : Kyle Capobianco - PK : Jacob Larsson, Michael Downing
Penalty Shots
William Nylander, Teemu Hartikainen, Brock Boeser, Nicolas Aube-Kubel, Anthony Cirelli
Scratches
Jeremy Lauzon (Sprained Left Knee Injury), Sean Walker (Broken Left Index Finger Injury), Jordan Oesterle (Broken Right Index Finger Injury)
Bears
5 vs 5 Forward
Center Left Wing Right Wing Time % Phy DF OF
1 Angelo Esposito Mike Hoffman Jake Virtanen 40 1 1 3
2 Zach Stepan Jamie McGinn Brett Bulmer 30 1 2 2
3 Austin Poganski Nikolay Prokhorkin Austin Wuthrich 20 1 2 2
4 Logan O'Connor Jakob Lilja Colton Sceviour 10 1 3 1
5 vs 5 Defense
Defense Defense Time % Phy DF OF
1 Joey Laleggia Taylor Aronson 40 1 2 2
2 Mikko Vainonen Derek Forbort 30 1 2 2
3 Michael Prapavessis Tommy Vannelli 20 1 3 1
4 Joey Laleggia Mikko Vainonen 10 1 2 2
PowerPlay Forward
Center Left Wing Right Wing Time % Phy DF OF
1 Angelo Esposito Mike Hoffman Jake Virtanen 60 1 1 3
2 Zach Stepan Jamie McGinn Brett Bulmer 40 1 1 3
PowerPlay Defense
Defense Defense Time % Phy DF OF
1 Joey Laleggia Taylor Aronson 60 1 2 2
2 Mikko Vainonen Derek Forbort 40 1 2 2
Penalty Kill 4 Players Forward
Center Wing Time % Phy DF OF
1 Jake Virtanen Mike Hoffman 60 1 2 2
2 Jamie McGinn Zach Stepan 40 1 2 2
Penalty Kill 4 Players Defense
Defense Defense Time % Phy DF OF
1 Joey Laleggia Taylor Aronson 60 1 2 2
2 Mikko Vainonen Derek Forbort 40 1 2 2
Penalty Kill - 3 Players Forward
Forward Time % Phy DF OF
1 Zach Stepan 60 1 2 2
2 Jamie McGinn 40 1 2 2
Penalty Kill - 3 Players Defense
Defense Defense Time % Phy DF OF
1 Joey Laleggia Mikko Vainonen 60 1 4 0
2 Taylor Aronson Derek Forbort 40 1 4 0
4 vs 4 Forward
Center Wing Time % Phy DF OF
1 Angelo Esposito Mike Hoffman 60 1 2 2
2 Zach Stepan Jake Virtanen 40 1 2 2
4 vs 4 Defense
Defense Defense Time % Phy DF OF
1 Joey Laleggia Taylor Aronson 60 1 2 2
2 Mikko Vainonen Derek Forbort 40 1 2 2
Last Minutes Offensive
Center Left Wing Right Wing Defense Defense
Angelo Esposito Mike Hoffman Jake Virtanen Joey Laleggia Taylor Aronson
Last Minutes Defensive
Center Left Wing Right Wing Defense Defense
Zach Stepan Mike Hoffman Jake Virtanen Joey Laleggia Taylor Aronson
Goaltenders
Starting : Joni Ortio
Backup : Jake Allen
Extra Forwards
Normal : Mike Hoffman, Angelo Esposito, Jake Virtanen - PP : Mike Hoffman, Angelo Esposito - PK : Mike Hoffman
Extra Defensemen
Normal : Joey Laleggia, Taylor Aronson, Mikko Vainonen - PP : Taylor Aronson - PK : Joey Laleggia, Mikko Vainonen
Penalty Shots
Jake Virtanen, Mike Hoffman, Colby Cave, Colton Sceviour, Angelo Esposito
Scratches
Mackenze Stewart (Healthy), Vincent Dunn (Bruised Left Leg Injury), Jakob Stenqvist (Healthy), Arvid Henrikson (Healthy)
% Time on Ice - Crunch
Lines # - Real PCT - Wanted PCT - Time Play
Normal Forward
1 - 36% - 40% - 18:00
2 - 30% - 30% - 14:50
3 - 21% - 20% - 10:44
4 - 13% - 10% - 6:26
Normal Defense
1 - 40% - 40% - 19:53
2 - 31% - 30% - 15:43
3 - 23% - 20% - 11:38
4 - 6% - 10% - 2:46
PP Forward
1 - 57% - 60% - 5:44
2 - 43% - 40% - 4:16
PP Defense
1 - 62% - 60% - 6:13
2 - 38% - 40% - 3:47
PK Forward
1 - 0% - 60%
2 - 0% - 40%
PK Defense
1 - 0% - 60%
2 - 0% - 40%
PK3 Forward
1 - 0% - 60%
2 - 0% - 40%
PK3 Defense
1 - 0% - 60%
2 - 0% - 40%
44 Forward
1 - 0% - 60%
2 - 0% - 40%
44 Defense
1 - 0% - 60%
2 - 0% - 40%
Last Minute Offensive - 0:00
Last Minute Defensive - 0:00
Total
Forward - 60:00
Defense - 60:00
|
% Time on Ice - Bears
Lines # - Real PCT - Wanted PCT - Time Play
Normal Forward
1 - 34% - 40% - 17:01
2 - 28% - 30% - 14:14
3 - 22% - 20% - 10:49
4 - 16% - 10% - 7:56
Normal Defense
1 - 41% - 40% - 20:35
2 - 31% - 30% - 15:32
3 - 22% - 20% - 10:51
4 - 6% - 10% - 3:02
PP Forward
1 - 0% - 60%
2 - 0% - 40%
PP Defense
1 - 0% - 60%
2 - 0% - 40%
PK Forward
1 - 68% - 60% - 6:49
2 - 32% - 40% - 3:11
PK Defense
1 - 68% - 60% - 6:47
2 - 32% - 40% - 3:13
PK3 Forward
1 - 0% - 60%
2 - 0% - 40%
PK3 Defense
1 - 0% - 60%
2 - 0% - 40%
44 Forward
1 - 0% - 60%
2 - 0% - 40%
44 Defense
1 - 0% - 60%
2 - 0% - 40%
Last Minute Offensive - 0:00
Last Minute Defensive - 0:00
Total
Forward - 60:00
Defense - 60:00
|
Play-by-Play
1st period
0:01 of 1st period - Angelo Esposito wins face-off versus Anthony Cirelli in neutral zone.
0:26 of 1st period - Taylor Aronson is hit by Teemu Hartikainen and loses puck.
0:35 of 1st period - Brendan Guhle is hit by Joey Laleggia and loses puck.
0:48 of 1st period - Snap shot by Austin Wuthrich.
0:48 of 1st period - Stopped by Josef Korenar with a rebound.
1:07 of 1st period - Connor Bunnaman is hit by Jake Virtanen.
1:29 of 1st period - Mikko Vainonen is hit by William Nylander and loses puck.
1:49 of 1st period - Off-side.
1:50 of 1st period - Zach Stepan wins face-off versus Christoffer Ehn in neutral zone.
2:43 of 1st period - Snap shot by Dylan Strome.
2:43 of 1st period - Shot Blocked by Joey Laleggia.
3:14 of 1st period - Anatoli Golyshev is hit by Jakob Lilja and loses puck.
3:46 of 1st period - Anthony Cirelli is hit by Mike Hoffman and loses puck.
3:54 of 1st period - Minor Penalty to Angelo Esposito for Elbowing.
3:55 of 1st period - Jake Virtanen wins face-off versus Anthony Cirelli in Bears zone.
4:08 of 1st period - Wrist shot by Jake Virtanen.
4:08 of 1st period - Stopped by Josef Korenar with a rebound.
4:22 of 1st period - Jake Virtanen is hit by Brendan Guhle and loses puck.
5:01 of 1st period - Anthony Cirelli is hit by Derek Forbort and loses puck.
5:05 of 1st period - Icing by Jacob Larsson.
5:06 of 1st period - Anthony Cirelli wins face-off versus Colby Cave in Crunch zone.
5:14 of 1st period - Slapshot by Taylor Aronson.
5:14 of 1st period - Shot Misses the Net.
5:52 of 1st period - Jamie McGinn is hit by Nicolas Aube-Kubel and loses puck.
5:54 of 1st period - Penalty to Angelo Esposito is over, Angelo Esposito is back on ice.
6:07 of 1st period - Snap shot by Nikolay Prokhorkin.
6:07 of 1st period - Stopped by Josef Korenar with a rebound.
6:09 of 1st period - Slapshot by Mikko Vainonen.
6:09 of 1st period - Stopped by Josef Korenar with a rebound.
6:11 of 1st period - Slapshot by Mikko Vainonen.
6:11 of 1st period - Stopped by Josef Korenar without a rebound.
6:12 of 1st period - Austin Poganski wins face-off versus Dylan Strome in Crunch zone.
6:19 of 1st period - Wrist shot by Nikolay Prokhorkin.
6:19 of 1st period - Deflect By Kyle Capobianco.
6:19 of 1st period - Stopped by Josef Korenar without a rebound.
6:20 of 1st period - Angelo Esposito wins face-off versus Kevin Fiala in Crunch zone.
6:21 of 1st period - Slapshot by Jake Virtanen.
6:21 of 1st period - Stopped by Josef Korenar without a rebound.
6:22 of 1st period - Angelo Esposito wins face-off versus Dylan Strome in Crunch zone.
6:33 of 1st period - Wrist shot by Kevin Fiala.
6:33 of 1st period - Stopped by Joni Ortio without a rebound.
6:34 of 1st period - Angelo Esposito wins face-off versus Anthony Cirelli in Bears zone.
6:43 of 1st period - Wrist shot by Jake Virtanen.
6:43 of 1st period - Goal by Jake Virtanen - Crunch : 0 - Bears : 1.
6:44 of 1st period - Angelo Esposito wins face-off versus Anthony Cirelli in neutral zone.
6:57 of 1st period - Slapshot by William Nylander.
6:57 of 1st period - Shot Blocked by Mike Hoffman.
7:15 of 1st period - Wrist shot by Jamie McGinn.
7:15 of 1st period - Stopped by Josef Korenar with a rebound.
7:21 of 1st period - Wrist shot by Zach Stepan.
7:21 of 1st period - Stopped by Josef Korenar without a rebound.
7:22 of 1st period - Austin Poganski wins face-off versus Anthony Cirelli in Crunch zone.
7:23 of 1st period - Wrist shot by Austin Wuthrich.
7:23 of 1st period - Stopped by Josef Korenar with a rebound.
7:33 of 1st period - Wrist shot by Austin Wuthrich.
7:33 of 1st period - Stopped by Josef Korenar with a rebound.
7:35 of 1st period - Slapshot by Michael Prapavessis.
7:35 of 1st period - Shot Blocked by William Nylander.
7:37 of 1st period - Slapshot by Tommy Vannelli.
7:37 of 1st period - Deflect By Austin Wuthrich.
7:37 of 1st period - Shot Misses the Net.
7:37 of 1st period - Puck is out of play.
7:38 of 1st period - Christoffer Ehn wins face-off versus Angelo Esposito in Crunch zone.
7:47 of 1st period - Snap shot by Teemu Hartikainen.
7:47 of 1st period - Stopped by Joni Ortio with a rebound.
8:05 of 1st period - Jake Virtanen is hit by Dalton Smith and loses puck.
11:00 of 1st period - Christoffer Ehn is hit by Angelo Esposito and loses puck.
11:29 of 1st period - Wrist shot by Brock Boeser.
11:29 of 1st period - Stopped by Joni Ortio without a rebound.
11:30 of 1st period - Angelo Esposito wins face-off versus Anthony Cirelli in Bears zone.
11:30 of 1st period - Angelo Esposito is hit by Brock Boeser.
11:54 of 1st period - Wrist shot by Nicolas Aube-Kubel.
11:54 of 1st period - Stopped by Joni Ortio with a rebound.
11:56 of 1st period - Slapshot by Christoffer Ehn.
11:56 of 1st period - Stopped by Joni Ortio with a rebound.
11:58 of 1st period - Wrist shot by Nicolas Aube-Kubel.
11:58 of 1st period - Stopped by Joni Ortio without a rebound.
11:59 of 1st period - Anthony Cirelli wins face-off versus Angelo Esposito in Bears zone.
12:08 of 1st period - Wrist shot by William Nylander.
12:08 of 1st period - Deflect By Brock Boeser.
12:08 of 1st period - Shot Misses the Net.
12:08 of 1st period - Puck is out of play.
12:09 of 1st period - Angelo Esposito wins face-off versus Anthony Cirelli in Bears zone.
12:38 of 1st period - Snap shot by Mike Hoffman.
12:38 of 1st period - Stopped by Josef Korenar without a rebound.
12:39 of 1st period - Zach Stepan wins face-off versus Christoffer Ehn in Crunch zone.
13:06 of 1st period - Minor Penalty to Nikolay Prokhorkin for High sticking.
13:07 of 1st period - Anthony Cirelli wins face-off versus Jake Virtanen in Bears zone.
13:08 of 1st period - Snap shot by Brock Boeser.
13:08 of 1st period - Stopped by Joni Ortio with a rebound.
13:10 of 1st period - Snap shot by William Nylander.
13:10 of 1st period - Goal by William Nylander - Crunch : 1 - Bears : 1.
13:11 of 1st period - Anthony Cirelli wins face-off versus Angelo Esposito in neutral zone.
13:18 of 1st period - Snap shot by Jake Virtanen.
13:18 of 1st period - Shot Misses the Net.
13:20 of 1st period - Snap shot by Jake Virtanen.
13:20 of 1st period - Shot Misses the Net.
13:22 of 1st period - Slapshot by Joey Laleggia.
13:22 of 1st period - Shot Misses the Net.
13:24 of 1st period - Wrist shot by Mike Hoffman.
13:24 of 1st period - Shot Blocked by Brendan Guhle.
14:18 of 1st period - Wrist shot by Joey Laleggia.
14:18 of 1st period - Deflect By Kevin Fiala.
14:18 of 1st period - Goal by Joey Laleggia - Crunch : 1 - Bears : 2.
14:19 of 1st period - Angelo Esposito wins face-off versus Anthony Cirelli in neutral zone.
14:55 of 1st period - Snap shot by Dylan Strome.
14:55 of 1st period - Shot Misses the Net.
15:07 of 1st period - Derek Forbort is hit by Teemu Hartikainen and loses puck.
15:14 of 1st period - Slapshot by Teemu Hartikainen.
15:14 of 1st period - Stopped by Joni Ortio with a rebound.
15:16 of 1st period - Slapshot by Mitch Callahan.
15:16 of 1st period - Shot Blocked by Mikko Vainonen.
15:29 of 1st period - Icing by Austin Wuthrich.
15:30 of 1st period - William Nylander wins face-off versus Austin Poganski in Bears zone.
15:46 of 1st period - Wrist shot by Brock Boeser.
15:46 of 1st period - Goal by Brock Boeser - Crunch : 2 - Bears : 2.
15:47 of 1st period - Angelo Esposito wins face-off versus Anthony Cirelli in neutral zone.
15:58 of 1st period - Snap shot by Mike Hoffman.
15:58 of 1st period - Deflect By Jake Virtanen.
15:58 of 1st period - Shot Misses the Net.
15:58 of 1st period - Puck is out of play.
15:59 of 1st period - Anthony Cirelli wins face-off versus Zach Stepan in Crunch zone.
16:06 of 1st period - Snap shot by Jamie McGinn.
16:06 of 1st period - Stopped by Josef Korenar with a rebound.
16:08 of 1st period - Wrist shot by Zach Stepan.
16:08 of 1st period - Stopped by Josef Korenar without a rebound.
16:09 of 1st period - Anthony Cirelli wins face-off versus Zach Stepan in Crunch zone.
16:16 of 1st period - Wrist shot by Jamie McGinn.
16:16 of 1st period - Shot Blocked by Charles-Olivier Roussel.
16:18 of 1st period - Wrist shot by Jamie McGinn.
16:18 of 1st period - Goal by Jamie McGinn - Crunch : 2 - Bears : 3.
16:19 of 1st period - Angelo Esposito wins face-off versus Christoffer Ehn in neutral zone.
16:28 of 1st period - Wrist shot by Teemu Hartikainen.
16:28 of 1st period - Stopped by Joni Ortio without a rebound.
16:29 of 1st period - Angelo Esposito wins face-off versus Christoffer Ehn in Bears zone.
16:53 of 1st period - Slapshot by Mike Hoffman.
16:53 of 1st period - Stopped by Josef Korenar without a rebound.
16:54 of 1st period - Anthony Cirelli wins face-off versus Brett Bulmer in Crunch zone.
17:07 of 1st period - Off-side.
17:08 of 1st period - Anthony Cirelli wins face-off versus Jake Virtanen in neutral zone.
18:00 of 1st period - Michael Downing is hit by Michael Prapavessis and loses puck.
18:04 of 1st period - Icing by Jacob Larsson.
18:05 of 1st period - Angelo Esposito wins face-off versus Dylan Strome in Crunch zone.
18:37 of 1st period - Snap shot by Brett Bulmer.
18:37 of 1st period - Stopped by Josef Korenar with a rebound.
18:49 of 1st period - Anthony Cirelli is hit by Nikolay Prokhorkin and loses puck.
19:10 of 1st period - Snap shot by Teemu Hartikainen.
19:10 of 1st period - Stopped by Joni Ortio with a rebound.
19:12 of 1st period - Backhand shot by Michael Downing.
19:12 of 1st period - Shot Blocked by Jake Virtanen.
19:14 of 1st period - Slapshot by Jacob Larsson.
19:14 of 1st period - Deflect By Christoffer Ehn.
19:14 of 1st period - Shot Misses the Net.
19:14 of 1st period - Puck is out of play.
19:15 of 1st period - Christoffer Ehn wins face-off versus Angelo Esposito in Bears zone.
19:16 of 1st period - Snap shot by Teemu Hartikainen.
19:16 of 1st period - Goal by Teemu Hartikainen - Crunch : 3 - Bears : 3.
19:17 of 1st period - Anthony Cirelli wins face-off versus Zach Stepan in neutral zone.
Goals for this period are 3 for Crunch vs 3 for Bears.
Shots for this period are 13 for Crunch vs 19 for Bears.
2nd period
0:01 of 2nd period - Anthony Cirelli wins face-off versus Angelo Esposito in neutral zone.
0:26 of 2nd period - Brendan Guhle is hit by Austin Poganski and loses puck.
0:33 of 2nd period - Mikko Vainonen is hit by Brock Boeser and loses puck.
0:58 of 2nd period - Snap shot by William Nylander.
0:58 of 2nd period - Stopped by Joni Ortio without a rebound.
0:59 of 2nd period - Nicolas Aube-Kubel wins face-off versus Zach Stepan in Bears zone.
1:04 of 2nd period - Snap shot by Nicolas Aube-Kubel.
1:04 of 2nd period - Stopped by Joni Ortio with a rebound.
1:26 of 2nd period - Off-side.
1:27 of 2nd period - Angelo Esposito wins face-off versus Dylan Strome in neutral zone.
1:35 of 2nd period - Wrist shot by Jake Virtanen.
1:35 of 2nd period - Shot Misses the Net.
1:37 of 2nd period - Snap shot by Mike Hoffman.
1:37 of 2nd period - Stopped by Josef Korenar with a rebound.
1:39 of 2nd period - Snap shot by Mike Hoffman.
1:39 of 2nd period - Stopped by Josef Korenar with a rebound.
2:00 of 2nd period - Wrist shot by Nicolas Aube-Kubel.
2:00 of 2nd period - Stopped by Joni Ortio without a rebound.
2:01 of 2nd period - Anthony Cirelli wins face-off versus Zach Stepan in Bears zone.
2:26 of 2nd period - Christoffer Ehn is hit by Jake Virtanen and loses puck.
3:46 of 2nd period - Joey Laleggia is hit by William Nylander and loses puck.
3:59 of 2nd period - Dalton Smith is hit by Jake Virtanen and loses puck.
4:06 of 2nd period - Wrist shot by Kevin Fiala.
4:06 of 2nd period - Stopped by Joni Ortio with a rebound.
4:18 of 2nd period - Snap shot by Colton Sceviour.
4:18 of 2nd period - Deflect By Logan O'Connor.
4:18 of 2nd period - Stopped by Josef Korenar without a rebound.
4:19 of 2nd period - Logan O'Connor wins face-off versus Connor Bunnaman in Crunch zone.
4:50 of 2nd period - Wrist shot by Jake Virtanen.
4:50 of 2nd period - Deflect By Angelo Esposito.
4:50 of 2nd period - Shot Blocked by Anatoli Golyshev.
4:50 of 2nd period - Puck is out of play.
4:51 of 2nd period - Angelo Esposito wins face-off versus Anthony Cirelli in Crunch zone.
5:37 of 2nd period - Icing by Dalton Smith.
5:38 of 2nd period - Dylan Strome wins face-off versus Austin Poganski in Crunch zone.
5:38 of 2nd period - Dylan Strome is hit by Austin Poganski.
5:45 of 2nd period - Off-side.
5:46 of 2nd period - Angelo Esposito wins face-off versus Anthony Cirelli in neutral zone.
5:49 of 2nd period - Wrist shot by Joey Laleggia.
5:49 of 2nd period - Shot Misses the Net.
5:51 of 2nd period - Snap shot by Angelo Esposito.
5:51 of 2nd period - Stopped by Josef Korenar without a rebound.
5:52 of 2nd period - Angelo Esposito wins face-off versus Anthony Cirelli in Crunch zone.
6:17 of 2nd period - Brendan Guhle is hit by Taylor Aronson and loses puck.
7:02 of 2nd period - Off-side.
7:03 of 2nd period - William Nylander wins face-off versus Logan O'Connor in neutral zone.
7:41 of 2nd period - Wrist shot by Logan O'Connor.
7:41 of 2nd period - Shot Misses the Net.
7:43 of 2nd period - Snap shot by Colton Sceviour.
7:43 of 2nd period - Stopped by Josef Korenar without a rebound.
7:44 of 2nd period - Angelo Esposito wins face-off versus Christoffer Ehn in Crunch zone.
7:45 of 2nd period - Snap shot by Mike Hoffman.
7:45 of 2nd period - Deflect By Jake Virtanen.
7:45 of 2nd period - Shot Misses the Net.
7:45 of 2nd period - Puck is out of play.
7:46 of 2nd period - Angelo Esposito wins face-off versus Christoffer Ehn in Crunch zone.
7:57 of 2nd period - Backhand shot by Mike Hoffman.
7:57 of 2nd period - Shot Misses the Net.
7:59 of 2nd period - Snap shot by Angelo Esposito.
7:59 of 2nd period - Shot Misses the Net.
8:01 of 2nd period - Slapshot by Taylor Aronson.
8:01 of 2nd period - Deflect By Teemu Hartikainen.
8:01 of 2nd period - Stopped by Josef Korenar with a rebound.
8:25 of 2nd period - Wrist shot by Teemu Hartikainen.
8:25 of 2nd period - Stopped by Joni Ortio without a rebound.
8:26 of 2nd period - Angelo Esposito wins face-off versus Anthony Cirelli in Bears zone.
8:38 of 2nd period - Icing by William Nylander.
8:39 of 2nd period - Anthony Cirelli wins face-off versus Zach Stepan in Crunch zone.
8:52 of 2nd period - Joey Laleggia is hit by Jacob Larsson and loses puck.
9:35 of 2nd period - Wrist shot by Austin Wuthrich.
9:35 of 2nd period - Shot Blocked by Charles-Olivier Roussel.
9:37 of 2nd period - Wrist shot by Nikolay Prokhorkin.
9:37 of 2nd period - Goal by Nikolay Prokhorkin - Crunch : 3 - Bears : 4.
9:38 of 2nd period - Angelo Esposito wins face-off versus Anthony Cirelli in neutral zone.
9:42 of 2nd period - Off-side.
9:43 of 2nd period - Anthony Cirelli wins face-off versus Angelo Esposito in neutral zone.
10:10 of 2nd period - Snap shot by Zach Stepan.
10:10 of 2nd period - Deflect By Jamie McGinn.
10:10 of 2nd period - Goal by Jamie McGinn - Crunch : 3 - Bears : 5.
10:11 of 2nd period - Anthony Cirelli wins face-off versus Zach Stepan in neutral zone.
10:38 of 2nd period - Icing by Zach Stepan.
10:39 of 2nd period - Dylan Strome wins face-off versus Brett Bulmer in Bears zone.
10:58 of 2nd period - Wrist shot by Zach Stepan.
10:58 of 2nd period - Shot Misses the Net.
11:00 of 2nd period - Slapshot by Derek Forbort.
11:00 of 2nd period - Stopped by Josef Korenar with a rebound.
11:02 of 2nd period - Snap shot by Brett Bulmer.
11:02 of 2nd period - Goal by Brett Bulmer - Crunch : 3 - Bears : 6.
11:02 of 2nd period - Kaapo Kahkonen enters game.
11:03 of 2nd period - Christoffer Ehn wins face-off versus Angelo Esposito in neutral zone.
11:38 of 2nd period - Backhand shot by Mikko Vainonen.
11:38 of 2nd period - Stopped by Kaapo Kahkonen without a rebound.
11:39 of 2nd period - Zach Stepan wins face-off versus Anthony Cirelli in Crunch zone.
12:21 of 2nd period - Minor Penalty to Taylor Aronson for High sticking.
12:22 of 2nd period - Anthony Cirelli wins face-off versus Jake Virtanen in Bears zone.
12:55 of 2nd period - Mike Hoffman is hit by Nicolas Aube-Kubel and loses puck.
13:48 of 2nd period - Nicolas Aube-Kubel is hit by Jake Virtanen and loses puck.
14:01 of 2nd period - William Nylander is hit by Mikko Vainonen and loses puck.
14:21 of 2nd period - Penalty to Taylor Aronson is over, Taylor Aronson is back on ice.
14:32 of 2nd period - Taylor Aronson is hit by Brendan Guhle and loses puck.
14:51 of 2nd period - Slapshot by Angelo Esposito.
14:51 of 2nd period - Stopped by Kaapo Kahkonen with a rebound.
14:53 of 2nd period - Slapshot by Mikko Vainonen.
14:53 of 2nd period - Goal by Mikko Vainonen - Crunch : 3 - Bears : 7.
14:54 of 2nd period - Zach Stepan wins face-off versus Brock Boeser in neutral zone.
16:00 of 2nd period - Joey Laleggia is hit by Dylan Strome and loses puck.
16:13 of 2nd period - Snap shot by Kevin Fiala.
16:13 of 2nd period - Shot Misses the Net.
17:27 of 2nd period - Off-side.
17:28 of 2nd period - Mike Hoffman wins face-off versus Christoffer Ehn in neutral zone.
17:31 of 2nd period - Wrist shot by Mike Hoffman.
17:31 of 2nd period - Stopped by Kaapo Kahkonen without a rebound.
17:32 of 2nd period - Anthony Cirelli wins face-off versus Angelo Esposito in Crunch zone.
17:47 of 2nd period - Snap shot by William Nylander.
17:47 of 2nd period - Stopped by Joni Ortio without a rebound.
17:48 of 2nd period - Christoffer Ehn wins face-off versus Zach Stepan in Bears zone.
17:49 of 2nd period - Snap shot by Teemu Hartikainen.
17:49 of 2nd period - Shot Misses the Net.
17:51 of 2nd period - Wrist shot by Teemu Hartikainen.
17:51 of 2nd period - Shot Blocked by Mikko Vainonen.
17:53 of 2nd period - Backhand shot by Charles-Olivier Roussel.
17:53 of 2nd period - Stopped by Joni Ortio with a rebound.
17:55 of 2nd period - Backhand shot by Charles-Olivier Roussel.
17:55 of 2nd period - Deflect By Nicolas Aube-Kubel.
17:55 of 2nd period - Stopped by Joni Ortio with a rebound.
17:57 of 2nd period - Slapshot by Nicolas Aube-Kubel.
17:57 of 2nd period - Stopped by Joni Ortio without a rebound.
17:58 of 2nd period - Zach Stepan wins face-off versus Christoffer Ehn in Bears zone.
18:00 of 2nd period - Double Minor Penalty to Jamie McGinn for Roughing.
18:01 of 2nd period - Anthony Cirelli wins face-off versus Jake Virtanen in Bears zone.
18:05 of 2nd period - Wrist shot by Brock Boeser.
18:05 of 2nd period - Stopped by Joni Ortio without a rebound.
18:06 of 2nd period - Anthony Cirelli wins face-off versus Jake Virtanen in Bears zone.
18:07 of 2nd period - Snap shot by William Nylander.
18:07 of 2nd period - Shot Blocked by Taylor Aronson.
18:11 of 2nd period - Wrist shot by William Nylander.
18:11 of 2nd period - Stopped by Joni Ortio without a rebound.
18:12 of 2nd period - Mike Hoffman wins face-off versus Anthony Cirelli in Bears zone.
18:12 of 2nd period - Mike Hoffman is hit by Brock Boeser.
19:47 of 2nd period - Teemu Hartikainen is hit by Jake Virtanen.
Goals for this period are 0 for Crunch vs 4 for Bears.
Shots for this period are 11 for Crunch vs 14 for Bears.
3rd period
0:01 of 3rd period - Anthony Cirelli wins face-off versus Jake Virtanen in neutral zone.
2:00 of 3rd period - Penalty to Jamie McGinn is over, Jamie McGinn is back on ice.
3:18 of 3rd period - Jamie McGinn is hit by Dylan Strome and loses puck.
4:25 of 3rd period - Colton Sceviour is hit by Jacob Larsson and loses puck.
4:30 of 3rd period - Wrist shot by Anatoli Golyshev.
4:30 of 3rd period - Stopped by Joni Ortio with a rebound.
4:56 of 3rd period - Minor Penalty to Austin Wuthrich for Roughing.
4:57 of 3rd period - Jake Virtanen wins face-off versus Anthony Cirelli in Bears zone.
5:11 of 3rd period - Off-side.
5:12 of 3rd period - Jake Virtanen wins face-off versus Anthony Cirelli in neutral zone.
5:27 of 3rd period - Wrist shot by Brock Boeser.
5:27 of 3rd period - Shot Misses the Net.
6:56 of 3rd period - Penalty to Austin Wuthrich is over, Austin Wuthrich is back on ice.
7:03 of 3rd period - Tommy Vannelli is hit by Jacob Larsson and loses puck.
7:43 of 3rd period - Wrist shot by Jakob Lilja.
7:43 of 3rd period - Shot Misses the Net.
7:45 of 3rd period - Snap shot by Michael Prapavessis.
7:45 of 3rd period - Stopped by Kaapo Kahkonen with a rebound.
7:47 of 3rd period - Wrist shot by Jakob Lilja.
7:47 of 3rd period - Shot Misses the Net.
7:49 of 3rd period - Wrist shot by Michael Prapavessis.
7:49 of 3rd period - Deflect By Colton Sceviour.
7:49 of 3rd period - Shot Misses the Net.
7:49 of 3rd period - Puck is out of play.
7:50 of 3rd period - Christoffer Ehn wins face-off versus Zach Stepan in Crunch zone.
7:50 of 3rd period - Christoffer Ehn is hit by Derek Forbort.
7:58 of 3rd period - Snap shot by Zach Stepan.
7:58 of 3rd period - Stopped by Kaapo Kahkonen with a rebound.
8:00 of 3rd period - Snap shot by Zach Stepan.
8:00 of 3rd period - Goal by Zach Stepan - Crunch : 3 - Bears : 8.
8:01 of 3rd period - Angelo Esposito wins face-off versus William Nylander in neutral zone.
8:26 of 3rd period - Jamie McGinn is hit by Charles-Olivier Roussel and loses puck.
8:53 of 3rd period - Wrist shot by Dalton Smith.
8:53 of 3rd period - Goal by Dalton Smith - Crunch : 4 - Bears : 8.
8:54 of 3rd period - Anthony Cirelli wins face-off versus Angelo Esposito in neutral zone.
8:54 of 3rd period - Angelo Esposito and Brock Boeser fight to a draw.
8:54 of 3rd period - Penalty to Angelo Esposito for Fighting.
8:54 of 3rd period - Penalty to Brock Boeser for Fighting.
8:55 of 3rd period - Colby Cave wins face-off versus Anthony Cirelli in neutral zone.
8:55 of 3rd period - Colby Cave is hit by Anthony Cirelli.
8:59 of 3rd period - Anthony Cirelli is hit by Mike Hoffman.
9:27 of 3rd period - Snap shot by William Nylander.
9:27 of 3rd period - Shot Blocked by Austin Wuthrich.
10:36 of 3rd period - Off-side.
10:37 of 3rd period - Colby Cave wins face-off versus Christoffer Ehn in neutral zone.
10:41 of 3rd period - Jake Virtanen is hit by Brendan Guhle and loses puck.
11:31 of 3rd period - Jamie McGinn is hit by Anthony Cirelli and loses puck.
11:55 of 3rd period - Backhand shot by Logan O'Connor.
11:55 of 3rd period - Deflect By Colton Sceviour.
11:55 of 3rd period - Shot Misses the Net.
11:55 of 3rd period - Puck is out of play.
11:56 of 3rd period - Dylan Strome wins face-off versus Colby Cave in Crunch zone.
12:05 of 3rd period - Slapshot by Dylan Strome.
12:05 of 3rd period - Stopped by Joni Ortio with a rebound.
12:07 of 3rd period - Snap shot by Kevin Fiala.
12:07 of 3rd period - Shot Misses the Net.
12:09 of 3rd period - Snap shot by Charles-Olivier Roussel.
12:09 of 3rd period - Shot Hit the Post.
12:11 of 3rd period - Slapshot by Kevin Fiala.
12:11 of 3rd period - Shot Misses the Net.
12:26 of 3rd period - Wrist shot by Mitch Callahan.
12:26 of 3rd period - Stopped by Joni Ortio without a rebound.
12:27 of 3rd period - Zach Stepan wins face-off versus Connor Bunnaman in Bears zone.
12:36 of 3rd period - Snap shot by Anatoli Golyshev.
12:36 of 3rd period - Stopped by Joni Ortio with a rebound.
12:52 of 3rd period - Taylor Aronson is hit by William Nylander and loses puck.
13:21 of 3rd period - Slapshot by Nicolas Aube-Kubel.
13:21 of 3rd period - Stopped by Joni Ortio with a rebound.
13:23 of 3rd period - Snap shot by Teemu Hartikainen.
13:23 of 3rd period - Shot Blocked by Taylor Aronson.
13:25 of 3rd period - Snap shot by Teemu Hartikainen.
13:25 of 3rd period - Shot Misses the Net.
13:37 of 3rd period - Wrist shot by Jake Virtanen.
13:37 of 3rd period - Shot Blocked by Brendan Guhle.
13:45 of 3rd period - Backhand shot by Jake Virtanen.
13:45 of 3rd period - Shot Misses the Net.
13:57 of 3rd period - Slapshot by Jamie McGinn.
13:57 of 3rd period - Shot Blocked by Charles-Olivier Roussel.
14:20 of 3rd period - Wrist shot by Jakob Lilja.
14:20 of 3rd period - Shot Blocked by Connor Bunnaman.
14:22 of 3rd period - Wrist shot by Colton Sceviour.
14:22 of 3rd period - Shot Blocked by Mitch Callahan.
14:24 of 3rd period - Slapshot by Mikko Vainonen.
14:24 of 3rd period - Deflect By Colton Sceviour.
14:24 of 3rd period - Shot Misses the Net.
14:24 of 3rd period - Puck is out of play.
14:25 of 3rd period - Jake Virtanen wins face-off versus Anthony Cirelli in Crunch zone.
14:57 of 3rd period - Snap shot by Christoffer Ehn.
14:57 of 3rd period - Stopped by Joni Ortio with a rebound.
15:21 of 3rd period - Michael Downing is hit by Austin Poganski and loses puck.
16:38 of 3rd period - Austin Poganski is hit by William Nylander and loses puck.
16:50 of 3rd period - Icing by Austin Wuthrich.
16:51 of 3rd period - Christoffer Ehn wins face-off versus Nikolay Prokhorkin in Bears zone.
17:16 of 3rd period - Snap shot by Austin Wuthrich.
17:16 of 3rd period - Stopped by Kaapo Kahkonen without a rebound.
17:17 of 3rd period - Anthony Cirelli wins face-off versus Jake Virtanen in Crunch zone.
17:42 of 3rd period - Brock Boeser is hit by Joey Laleggia and loses puck.
18:14 of 3rd period - Backhand shot by Brock Boeser.
18:14 of 3rd period - Stopped by Joni Ortio without a rebound.
18:15 of 3rd period - Christoffer Ehn wins face-off versus Mike Hoffman in Bears zone.
18:30 of 3rd period - Wrist shot by Angelo Esposito.
18:30 of 3rd period - Shot Blocked by Nicolas Aube-Kubel.
19:22 of 3rd period - Snap shot by Jakob Lilja.
19:22 of 3rd period - Shot Blocked by Mitch Callahan.
Goals for this period are 1 for Crunch vs 1 for Bears.
Shots for this period are 8 for Crunch vs 4 for Bears.
Output by the SimonT Hockey Simulator (STHS) for Francois Prevost